 Dungeon Crawl Stone Soup version 0.17.1-1-g73c8601 (webtiles) character file.

125 HughJohnson the Insei (level 4, -2/35 HPs)
             Began as a Demonspawn Monk on Dec 10, 2015.
             Killed by divine providence
             ... invoked by an orc priest
              (14 damage)
             ... on level 3 of the Dungeon on Dec 11, 2015.
             The game lasted 00:13:46 (2905 turns).

HughJohnson the Insei (Demonspawn Monk)             Turns: 2905, Time: 00:13:46

Health: -2/35      AC:  2    Str: 13    XL:     4   Next: 82%
Magic:  4/4        EV: 13    Int: 13    God:
Gold:   109        SH:  0    Dex: 15    Spells: 0 memorised, 3 levels left

rFire  . . .     SeeInvis .       - Unarmed
rCold  . . .     Clarity  .     a - +0 robe
rNeg   . . .     SustAt   .     (no shield)
rPois  .         Gourm    .     (helmet restricted)
rElec  .         Spirit   .     (no cloak)
rCorr  .         Warding  .     (no gloves)
rMut   .         Stasis   .     (no boots)
MR     .....                    (no amulet)
Stlth  ++........               (no ring)
                                j - +2 ring of strength

@: not resistant to hostile enchantments, unstealthy
A: horns 2
a: no special abilities


You were on level 3 of the Dungeon.
You were not hungry.

You visited 1 branch of the dungeon, and saw 3 of its levels.

You collected 109 gold pieces.

Inventory:

Missiles
 e - 5 tomahawks (quivered)
 v - 16 bolts
Armour
 a - a +0 robe (worn)
Jewellery
 j - a +2 ring of strength (left hand)
Scrolls
 f - a scroll of fear {unknown}
 h - 4 scrolls of enchant armour {unknown}
 i - a scroll of remove curse {unknown}
 l - a scroll of teleportation {unknown}
 q - a scroll of noise {unknown}
 r - 2 scrolls of identify {unknown}
 t - a scroll of blinking {unknown}
 y - a scroll of immolation {unknown}
 z - a scroll of random uselessness {unknown}
Potions
 c - 2 potions of flight {unknown}
 d - a potion of cancellation {unknown}
 g - 3 potions of resistance {unknown}
 k - a potion of magic {unknown}
 m - 4 potions of curing {unknown}
 n - a potion of heal wounds {unknown}
 o - a potion of lignification {unknown}
 p - a potion of might {unknown}
 s - 2 potions of degeneration {unknown}
 x - a potion of agility {unknown}
Comestibles
 b - 2 bread rations
 u - 2 beef jerkies
 w - 3 chunks of flesh


   Skills:
 - Level 3.0 Fighting
 - Level 2.6 Dodging
 - Level 1.7 Stealth
 + Level 5.7 Unarmed Combat


You had 3 spell levels left.
You didn't know any spells.

Dungeon Overview and Level Annotations

Branches:
Dungeon (3/15)

Altars:
Ru

Annotations:
D:3 Rationalist's ghost, amateur FoFi


Innate Abilities, Weirdness & Mutations

You have a pair of horns on your head.


Message History

e - 2 tomahawks (gained 1)
e - 3 tomahawks (gained 1)
Found 10 arrows of frost.
e - 4 tomahawks (gained 1)
e - 5 tomahawks (gained 1)
An orc comes into view. It is wielding a hand axe.
The orc shouts!
An orc comes into view. It is wielding a trident.
An orc comes into view.
The orc shouts!
An orc priest comes into view. It is wielding a club.
The orc priest shouts!
The orc barely misses you.
An orc comes into view.
You closely miss the orc.
The orc priest mumbles some strange prayers to Beogh against you.
Something smites you! The orc hits you with a hand axe.
The orc priest invokes the aid of Beogh against you.
Something smites you!
You die...

###########...............#
##..####.####.### ##.#
#.####.# #.# #......# #.#
######## #.### #### #... ..#
### #..# #.###.## #.@#
###.##.#.## ##o.#
#.....###.#
##...###.#.##.#.##
#.######o....##.#.###.######
#.oo..o...........##.......#
#.#.######.#########..####.#
#.# #..####.# #.# #....##.#
#+# #.##.##.#


You could see an orc priest and 2 orcs.

Vanquished Creatures
  6 adders
  An ooze (D:1)
  A worm (D:3)
  4 orcs (D:3)
  A ball python (D:1)
  7 goblins
  6 hobgoblins
  4 jackals (D:1)
  7 kobolds
  10 bats
  6 giant cockroaches
  A giant newt (D:1)
  7 rats
  A bush (D:1)
  A plant (D:1)
63 creatures vanquished.

Notes
Turn   | Place    | Note
--------------------------------------------------------------
     0 | D:1      | HughJohnson the Demonspawn Monk began the quest for the Orb.
     0 | D:1      | Reached XP level 1. HP: 18/18 MP: 1/1
   337 | D:1      | Reached skill level 4 in Unarmed Combat
   388 | D:1      | Gained mutation: You have a pair of small horns on your head. [demonic ancestry]
   388 | D:1      | Reached XP level 2. HP: 18/24 MP: 2/2
   880 | D:1      | Gained mutation: You have a pair of horns on your head. [demonic ancestry]
   880 | D:1      | Reached XP level 3. HP: 14/29 MP: 3/3
  1265 | D:2      | Upgraded the game from 0.17.0-73-gb648821 to 0.17.1-1-g73c8601
  1389 | D:2      | Reached skill level 5 in Unarmed Combat
  1674 | D:2      | Reached XP level 4. HP: 25/35 MP: 4/4
  1847 | D:2      | You fall through a shaft!
  1969 | D:3      | Noticed Rationalist's ghost (amateur FoFi)
  2716 | D:3      | Found a sacrificial altar of Ru.
  2905 | D:3      | Killed from afar by an orc priest

Action                   |  1- 3 |  4- 6 || total
-------------------------+-------+-------++-------
Melee: Unarmed           |   243 |    71 ||   314
Throw: Tomahawk          |     9 |    10 ||    19
 Stab: Sleeping          |     3 |     4 ||     7
  Eat: Chunk             |     3 |     4 ||     7
